 Dungeon Crawl Stone Soup version 0.22-a0-603-gfc1114d (webtiles) character file.

291 Hebeh the Chopper (level 6, -1/53 HPs)
             Began as a Minotaur Fighter on July 7, 2018.
             Was an Initiate of Trog.
             Killed from afar by Sigmund (8 damage)
             ... with a puff of flame
             ... on level 4 of the Dungeon.
             The game lasted 00:10:22 (2924 turns).

Hebeh the Chopper (Minotaur Fighter)                Turns: 2924, Time: 00:10:22

Health: -1/53      AC:  7    Str: 22    XL:     6   Next: 10%
Magic:  5/5        EV:  8    Int:  5    God:    Trog [......]
Gold:   165        SH:  0    Dex: 10    Spells: 5/5 levels left

rFire    . . .     SeeInvis .   a - +0 war axe (freeze)
rCold    + . .     Gourm    .   c - +1 shield
rNeg     . . .     Faith    .   v - +0 ring mail
rPois    .         Spirit   .   (helmet restricted)
rElec    .         Reflect  .   (no cloak)
rCorr    .         Harm     .   w - +0 pair of gloves
MR       .....                  (no boots)
Stlth    ..........             (no amulet)
HPRegen  0.17/turn              r - ring of protection from cold
MPRegen  0.09/turn              (no ring)

@: confused
A: retaliatory headbutt, horns 2
a: Renounce Religion


You were on level 4 of the Dungeon.
You worshipped Trog.
Trog was noncommittal.
You were not hungry.

You visited 2 branches of the dungeon, and saw 7 of its levels.

You collected 165 gold pieces.

Inventory:

Hand Weapons
 a - a +0 war axe of freezing (weapon)
 b - a +2 hunting sling of freezing
 x - a +1 flail of draining
Missiles
 n - 52 stones (quivered)
 o - 16 sling bullets
Armour
 c - a +1 shield (worn)
 q - a +0 scale mail
 v - a +0 ring mail (worn)
 w - a +0 pair of gloves (worn)
Jewellery
 r - a ring of protection from cold (left hand)
Scrolls
 e - a scroll of random uselessness {unknown}
 h - a scroll of immolation
 j - 7 scrolls of identify {unknown}
 l - 2 scrolls of teleportation
 p - a scroll of remove curse
Potions
 d - a potion of might
 g - a potion of heal wounds {unknown}
 i - 2 potions of brilliance {unknown}
 k - a potion of cancellation {unknown}
 m - a potion of haste {unknown}
 s - a potion of berserk rage {unknown}
 t - a potion of magic {unknown}
 z - 2 potions of curing {unknown}
 A - a potion of ambrosia {unknown}
Comestibles
 f - 9 rations


   Skills:
 + Level 4.7 Fighting
 * Level 5.1 Axes
 + Level 1.9 Slings
 + Level 4.7 Armour
 + Level 4.7 Shields


You had 5 spell levels left.
You didn't know any spells.
Your spell library was empty.

Dungeon Overview and Level Annotations

Branches:
Dungeon (6/15)             Temple (1/1) D:6

Altars:
Ashenzari
Cheibriados
Dithmenos
Fedhas
Gozag
Hepliaklqana
Kikubaaqudgha
Trog

Annotations:
D:4 Sigmund


Innate Abilities, Weirdness & Mutations

You reflexively headbutt those who attack you in melee.
You have a pair of horns on your head.


Message History

You slash the jackal skeleton!
You destroy the jackal skeleton!
Trog accepts your kill.
A magic dart appears from out of thin air!
The magic dart hits you!
* * * LOW HITPOINT WARNING * * *
A magic dart appears from out of thin air!
The magic dart hits you!
* * * LOW HITPOINT WARNING * * *
You hear some strange, mumbled words.
Something tries to affect you, but you resist.
You are confused.
You're too confused!
You bump into the rock wall.
Something hits you.
* * * LOW HITPOINT WARNING * * *
You bump into the rock wall.
You hear some strange, mumbled words.
A puff of flame appears from out of thin air!
The puff of flame hits you!
You die...

#.# ##### #.# #####
....##########.########......
###..........#.#.............
.....#.#####.#.#.#####''####.
###....##......#..# ..≈≈≈ #
#.......##.###.## ..♣♣≈# #
###..#####.# #{## ..♣ # #
#.........# #@.# ... #
#...#########..# $... #
#...##.......### ..♣♣ #
#...##.####..# #
#........##..###
####...##.#.......#
.............#.#..#
..............>#..#
.............###).#


There were no monsters in sight!

Vanquished Creatures
  A sky beast (D:6)
  A hound (D:6)
  2 orc wizards (D:3)
  A howler monkey skeleton (D:4)
  2 adders (D:3)
  2 oozes
  5 dart slugs
  2 leopard geckos
  4 orcs
  A ball python (D:4)
  6 bats
  4 giant cockroaches
  10 goblins
  4 hobgoblins
  4 jackals
  2 kobolds
  A quokka (D:4)
  A ball python skeleton (D:4)
  9 frilled lizards
  A jackal skeleton (D:4)
  6 rats
  A plant (D:6)
70 creatures vanquished.

Notes
Turn   | Place    | Note
-------+----------+-------------------------------------------
     0 | D:1      | Hebeh the Minotaur Fighter began the quest for the Orb.
     0 | D:1      | Reached XP level 1. HP: 19/19 MP: 0/0
    80 | D:1      | Reached XP level 2. HP: 27/27 MP: 1/1
   109 | D:1      | Reached skill level 3 in Axes
   289 | D:1      | Reached XP level 3. HP: 25/33 MP: 2/2
   831 | D:2      | Found a shattered altar of Ashenzari.
   868 | D:2      | Found a shadowy altar of Dithmenos.
  1269 | D:2      | Found a blossoming altar of Fedhas.
  1382 | D:2      | Found a snail-covered altar of Cheibriados.
  1735 | D:3      | Reached XP level 4. HP: 40/40 MP: 3/3
  1786 | D:3      | Reached skill level 4 in Axes
  1796 | D:3      | Reached skill level 1 in Slings
  1891 | D:3      | Reached XP level 5. HP: 47/47 MP: 4/4
  1942 | D:3      | Found an ancient bone altar of Kikubaaqudgha.
  2017 | D:3      | Found a faded altar of an unknown god.
  2156 | D:3      | You fall through a shaft for 3 floors!
  2160 | D:6      | Noticed a sky beast
  2172 | D:6      | Killed a sky beast
  2172 | D:6      | Reached skill level 5 in Axes
  2172 | D:6      | Reached XP level 6. HP: 38/53 MP: 5/5
  2275 | D:6      | Found a staircase to the Ecumenical Temple.
  2302 | Temple   | Entered the Ecumenical Temple
  2327 | Temple   | Became a worshipper of Trog the Wrathful
  2358 | D:5      | Entered Level 5 of the Dungeon
  2531 | D:3      | Found an opulent altar of Gozag.
  2751 | D:4      | Found a hazy altar of Hepliaklqana.
  2894 | D:4      | Noticed Sigmund
  2924 | D:4      | Killed from afar by Sigmund

Vault maps used:
D:1:      matt_arrival_los_fun, kennysheep_another_room
D:2:      lemuel_doored_altar, nicolae_overflow_crystal_walls,
          nicolae_overflow_hidden_temple, nicolae_ashenzari_panopticon
D:3:      lemuel_coloured_pillars_altar, kiku_gazebo_pond_becter,
          chequers_ecumenical_altar_twisty, minmay_misc_feat_rugged,
          minmay_liquid_box
D:4:      lemuel_crystal_altar, kennysheep_generic_room_5, uniq_sigmund
D:5:      kennysheep_kobold_camp, first_ration
D:6:      overflow_temple_1_default, minmay_temple_entry_overgrown
Temple:   minmay_temple_curvy_branch

Skill      XL: |  1  2  3  4  5 |
---------------+----------------+-----
Axes           | 3 4 5 |  5.1
Shields        | 4 |  4.7
Fighting       | 4 |  4.7
Armour         | 4 |  4.7
Slings         | 1 |  1.9

Action                   |  1- 3 |  4- 6 || total
-------------------------+-------+-------++-------
Melee: War axe           |    78 |    50 ||   128
       Headbutt          |     7 |     7 ||    14
 Fire: Hunting sling     |    18 |    38 ||    56
  Use: Scroll            |       |     5 ||     5
  Eat: Chunk             |     3 |     3 ||     6
Armor: Scale mail        |    38 |     4 ||    42
       Ring mail         |       |    13 ||    13
Dodge: Dodged            |    19 |    16 ||    35
Block: Shield            |    41 |    18 ||    59

Table legend:
 A = Spawn XP
 B = Non-spawn XP
 C = Spawn XP percentage of total XP
 D = Spawn monster count
 E = Non-spawn monster count
 F = Spawn count percentage of total count
 G = Total turns spent on level
                    A         B        C        D         E        F      G
               +---------+---------+-------+---------+---------+-------+---------
         Total |       0 |     417 |   0.0 |       0 |      69 |   0.0 |  2924
               +---------+---------+-------+---------+---------+-------+---------
           D:1 |       0 |      57 |   0.0 |       0 |      25 |   0.0 |   787
           D:2 |       0 |      25 |   0.0 |       0 |      15 |   0.0 |   928
           D:3 |       0 |     137 |   0.0 |       0 |      18 |   0.0 |   737
           D:4 |       0 |      27 |   0.0 |       0 |       9 |   0.0 |   261
           D:6 |       0 |     171 |   0.0 |       0 |       2 |   0.0 |   154
               +---------+---------+-------+---------+---------+-------+---------
